 Dungeon Crawl Stone Soup version 0.32-a0-468-g38b2580584 (webtiles) character file.

Game seed: 435329183302913665

128 Armakuni the Chopper (level 4, -5/38 HPs)
             Began as a Mountain Dwarf Fighter on Feb 24, 2024.
             Slain by Terence
             ... wielding a +0 flail
              (9 damage)
             ... on level 2 of the Dungeon.
             The game lasted 00:02:31 (1018 turns).

Armakuni the Chopper (Mountain Dwarf Fighter)       Turns: 1018, Time: 00:02:31

Health: -5/38      AC:  9    Str: 20    XL:     4   Next: 86%
Magic:  4/4        EV:  9    Int:  9    God:
Gold:   107        SH:  4    Dex:  9    Spells: 3/3 levels left

rFire   . . .        a - +0 war axe
rCold   . . .        c - +0 buckler
rNeg    . . .        b - +0 scale mail
rPois   .            e - +1 helmet
rElec   .            (no cloak)
rCorr   .            (no gloves)
SInv    .            (no boots)
Will    .....        (no amulet) Stlth
                     (no ring)
HPRegen 0.26/turn    (no ring)
MPRegen 0.09/turn

%: no passive effects
@: mighty
A: runic magic, artefact enchanting
a: no special abilities


You were on level 2 of the Dungeon.
You visited 1 branch of the dungeon, and saw 2 of its levels.

You collected 107 gold pieces.

Inventory:

Hand Weapons
 a - a +0 war axe (weapon)
Armour
 b - a +0 scale mail (worn)
 c - a +0 buckler (worn)
 e - a +1 helmet (worn)
Scrolls
 g - a scroll of blinking
 h - 2 scrolls of identify {unknown}
 i - a scroll of immolation {unknown}
 l - a scroll of enchant weapon {unknown}
Potions
 f - 2 potions of curing {unknown}
 j - a potion of ambrosia {unknown}
 k - a potion of heal wounds {unknown}


   Skills:
 - Level 3.2 Fighting
 + Level 6.2 Axes
 - Level 3.2 Armour
 - Level 3.2 Shields


You had 3 spell levels left.
You didn't know any spells.
Your spell library contained the following spells:

 Spells                   Type           Power      Damage    Failure   Level
 Sublimation of Blood     Necr           0%         N/A       69%         2
 Dazzling Flash           Conj/Hex       0%         N/A       89%         3
 Volatile Blastmotes      Fire/Tloc      0%         2d10      89%         3
 Petrify                  Alch/Erth      0%         N/A       100%        4
 Irradiate                Conj/Alch      0%         3d11      100%        5
 Starburst                Conj/Fire      0%         6d3       100%        6
 Maxwell's Capacitive Co  Air            0%         ∞         100%        8


Dungeon Overview and Level Annotations

Branches:
Dungeon (2/15)

Altars:

Annotations:
D:2 Terence


Innate Abilities, Weirdness & Mutations

Your spellcasting is much less encumbered by armour.
You can use scrolls of enchantment on lesser artefacts.


Message History

Terence is lightly wounded.
Terence completely misses you. Terence closely misses you.
You barely miss Terence.
Terence is lightly wounded.
Terence hits you with a +0 flail.
You hit Terence.
Terence is lightly wounded.
Terence hits you with a +0 flail.
You hit Terence.
Terence is heavily wounded.
Terence hits you with a +0 flail.
You hit Terence but do no damage.
Terence is heavily wounded.
Terence hits you with a +0 flail.
You hit Terence but do no damage.
Terence is heavily wounded.
Terence hits you with a +0 flail. x2
You are too injured to fight recklessly!
You closely miss Terence.
Terence is heavily wounded.
Terence hits you but does no damage.
You hit Terence but do no damage.
Terence is heavily wounded.
Terence barely misses you.
You feel very mighty all of a sudden. Terence hits you with a +0 flail.
You hit Terence but do no damage.
Terence is heavily wounded.
Terence says, "Did you write a will?
You should..."
Terence barely misses you.
You hit Terence.
Terence is heavily wounded.
Terence hits you with a +0 flail!
* * * LOW HITPOINT WARNING * * *
You block Terence's attack.
You barely miss Terence.
Terence is heavily wounded.
Terence hits you with a +0 flail!
You die...
Terence says, "That felt goooood."

#### #... ########## #.##
## #........## #.# ...
#.........###.## ....###
#......†...##...
.......##..........##..#
..........###......##..#
......@@..+.............
..........#.......###..#
..........#.....### #..#
................#####..#
.....................#..#
............####.....#..#
)..............'........#
........#...####.........
.........................


You could see Terence.

Vanquished Creatures
  4 gnolls (D:2)
  4 adders (D:2)
  A ribbon worm (D:2)
  2 dart slugs (D:1)
  4 endoplasms
  4 giant cockroaches
  4 goblins (D:1)
  5 hobgoblins
  2 jackals (D:2)
  A quokka (D:1)
  3 ball pythons (D:1)
  A bat (D:2)
  4 frilled lizards (D:1)
  5 kobolds
  5 rats
49 creatures vanquished.

Notes
Turn   | Place    | Note
-------+----------+-------------------------------------------
     0 | D:1      | Armakuni the Mountain Dwarf Fighter began the quest for the
                  | Orb.
     0 | D:1      | Reached XP level 1. HP: 19/19 MP: 1/1
    60 | D:1      | Reached skill level 3 in Axes
    65 | D:1      | Reached XP level 2. HP: 26/26 MP: 2/2
   277 | D:1      | Reached skill level 4 in Axes
   377 | D:1      | Reached XP level 3. HP: 31/31 MP: 3/3
   496 | D:1      | Found a faded altar of an unknown god.
   767 | D:2      | Reached skill level 5 in Axes
   797 | D:2      | Reached XP level 4. HP: 21/38 MP: 4/4
   916 | D:2      | Reached skill level 6 in Axes
  1000 | D:2      | Noticed Terence
  1018 | D:2      | Slain by Terence

Illustrated notes

Levels and vault maps discovered:
D:1:      dpeg_arrival_stone_temple_mockup, layout_loops_cross,
          ebering_ecumenical_altar_sacrificial
D:2:      cheibrodos_old_hovel, layout_basic, uniq_terence

Skill      XL: |  1  2  3  4 |
---------------+-------------+-----
Axes           | 3 4 5 6 |  6.2
Fighting       | |  3.2
Armour         | |  3.2
Shields        | |  3.2

Action                     |  1- 3 |  4- 6 || total
---------------------------+-------+-------++-------
  Melee: War axe           |    84 |    45 ||   129
    Use: Scroll            |       |     1 ||     1
         Potion            |       |     1 ||     1
 Armour: Scale mail        |    68 |    38 ||   106
  Dodge: Dodged            |    39 |    24 ||    63
  Block: Buckler           |    17 |    10 ||    27

Table legend: (Time is in decaauts)
 A = Elapsed time spent in this place.
 B = Non-inter-level travel time spent in this place.
 C = Inter-level travel time spent in this place.
 D = Time resting spent in this place.
 E = Time spent auto-exploring this place.
 F = Levels seen in this place.
 G = Mean time per level.
                   A        B        C        D        E       F      G
               +--------+--------+--------+--------+--------+-----+--------+
         Total |   1055 |   1041 |     14 |     74 |    622 |   2 |  527.5 |
       Dungeon |   1055 |   1041 |     14 |     74 |    622 |   2 |  527.5 |
               +--------+--------+--------+--------+--------+-----+--------+

Top non-repeatable levels by time:
     D:1: 717 daAuts
     D:2: 337 daAuts
